 Dungeon Crawl Stone Soup version 0.29.1-1-gd02db6906a (webtiles) character file.

Game seed: 13434848384202924584

38 LastDream the Grave Robber (level 3, 0/21 HPs)
             Began as a Vampire Necromancer on Oct 12, 2022.
             Succumbed to an adder's poison
             ... on level 2 of the Dungeon.
             The game lasted 00:08:21 (953 turns).

LastDream the Grave Robber (Vampire Necromancer)     Turns: 953, Time: 00:08:24

Health: 0/21       AC:  2    Str:  7    XL:     3   Next: 25%
Magic:  3/6        EV: 12    Int: 19    God:
Gold:   23         SH:  0    Dex: 14    Spells: 5/6 levels left

rFire   . . .      SeeInvis +   e - +3 mace
rCold   . . .      Faith    .   (no shield)
rNeg    . . .      Spirit   .   a - +0 robe
rPois   .          Reflect  .   (no helmet)
rElec   .          Harm     .   (no cloak)
rCorr   .          Rampage  .   (no gloves)
Will    .....                   (no boots)
Stlth   ++........              (no amulet)
HPRegen 0.27/turn               (no ring)
MPRegen 0.10/turn               (no ring)

@: lethally poisoned (0 -> -1), healing quickly, studying Dodging
A: alive, fangs 3, see invisible, vampiric 2, [frail 1]
a: Exsanguinate


You were on level 2 of the Dungeon.
You visited 1 branch of the dungeon, and saw 2 of its levels.

You collected 23 gold pieces.

Inventory:

Hand Weapons
 d - a +0 short sword
 e - a +3 mace (weapon)
 f - a +0 club
 g - a +0 dagger
 h - a +0 dagger
 k - a +0 short sword
 l - a +0 war axe
Missiles
 n - 4 javelins
Armour
 a - a +0 robe (worn)
 j - a +0 ring mail
 m - a +0 ring mail
Scrolls
 c - a scroll of acquirement {unknown}
 o - a scroll of immolation {unknown}
Potions
 b - a potion of magic
 i - a potion of curing {unknown}


   Skills:
 + Level 0.4 Maces & Flails
 + Level 2.5 Dodging
 + Level 3.1 Stealth
 + Level 2.2 Spellcasting
 + Level 5.2 Necromancy


You had 5 spell levels left.
You knew the following spells:

 Your Spells              Type           Power      Damage    Failure   Level
a - Necrotise             Necr           84%        1d8       1%          1

Your spell library contained the following spells:

 Spells                   Type           Power      Damage    Failure   Level
 Vampiric Draining        Necr           21%        2d7       6%          3
 Freeze                   Ice            8%         1d3       17%         1
 Animate Dead             Necr           21%        N/A       19%         4
 Teleport Other           Tloc           2%         N/A       45%         3
 Agony                    Necr           21%        N/A       47%         5
 Summon Ice Beast         Ice/Summ       2%         N/A       86%         4
 Freezing Cloud           Conj/Ice/Air   1%         6-21      99%         5
 Simulacrum               Ice/Necr       5%         N/A       100%        6


Dungeon Overview and Level Annotations

Branches:
Dungeon (2/15)

Altars:


Innate Abilities, Weirdness & Mutations

Your natural rate of healing is accelerated.
You have razor-sharp teeth.
You have supernaturally acute eyesight. (SInv)
You are afflicted with vampirism and can become a bat while bloodless.
[You are frail. (-10% HP)]


Message History

The bat hits you.
* * * LOW HITPOINT WARNING * * *
The bat hits you.
* * * LOW HITPOINT WARNING * * *
The adder bites you.
* * * LOW HITPOINT WARNING * * *
You are lethally poisoned!
The adder poisons you! The adder bites you but does no damage.
You hit the adder.
You kill the adder!
* * * LOW HITPOINT WARNING * * *
You feel sick. The bat misses you.
You completely miss the bat.
* * * LOW HITPOINT WARNING * * *
You feel sick. The bat hits you but does no damage. x2
Casting: Necrotise (safe; 1% risk of failure)
Confirm with . or Enter, or press ? or * to list all spells.
Aiming: Necrotise (safe; 1% risk of failure)
Press: ? - help, Shift-Dir - straight line, f - bat
Aim: a bat (chance to affect: 90%)
The bat writhes in agony.
* * * LOW HITPOINT WARNING * * *
You feel sick. The bat hits you but does no damage.
Casting: Necrotise (safe; 1% risk of failure)
Confirm with . or Enter, or press ? or * to list all spells.
Aiming: Necrotise (safe; 1% risk of failure)
Press: ? - help, Shift-Dir - straight line, f/p - bat
Aim: a bat (heavily wounded, chance to affect: 90%)
The bat writhes in agony.
* * * LOW HITPOINT WARNING * * *
You feel sick. The bat completely misses you.
Casting: Necrotise (safe; 1% risk of failure)
Confirm with . or Enter, or press ? or * to list all spells.
Aiming: Necrotise (safe; 1% risk of failure)
Press: ? - help, Shift-Dir - straight line, f/p - bat
Aim: a bat (severely wounded, chance to affect: 90%)
The bat writhes in agony.
You kill the bat!
The dead are flying!
You die...

.. # .# .### # #+
#########.#....# ..
#.#####............#
...##..................#
.............†.........#
..........?............#
#.$................#.....
#......†@Z.#########..###
#########..# .# #...# #
#..... ......# ###.### .?
..


You could see a friendly bat skeleton.

Vanquished Creatures
  An adder (D:2)
  3 ball pythons
  An endoplasm (D:1)
  3 giant cockroaches (D:1)
  3 goblins (D:1)
  4 hobgoblins (D:1)
  2 kobolds (D:1)
  4 bats
  A frilled lizard (D:1)
  3 rats (D:1)
25 creatures vanquished.

Vanquished Creatures (collateral kills)
  A bat (D:2)
1 creature vanquished.

Vanquished Creatures (others)
  2 fungi (D:1)
2 creatures vanquished.

Grand Total: 28 creatures vanquished

Notes
Turn   | Place    | Note
-------+----------+-------------------------------------------
     0 | D:1      | LastDream the Vampire Necromancer began the quest for the
                  | Orb.
     0 | D:1      | Reached XP level 1. HP: 13/13 MP: 3/3
   271 | D:1      | Got the Folio of Snow and Shifting
   357 | D:1      | Reached XP level 2. HP: 17/17 MP: 0/5
   655 | D:1      | Reached skill level 5 in Necromancy
   920 | D:2      | Gained mutation: You are afflicted with vampirism and can
                  | become a bat while bloodless. [Vampire growth]
   920 | D:2      | Reached XP level 3. HP: 21/21 MP: 3/6
   951 | D:2      | HP: 1/21 [poisoned by an adder]
   953 | D:2      | Succumbed to an adder's poison

Illustrated notes

Levels and vault maps discovered:
D:1:      dpeg_cavernosity, layout_loops_ring,
          shapermc_ecumenical_altar_mp_vishouse
D:2:      layout_basic, basic_altar

Skill      XL: |  1  2 |
---------------+-------+-----
Necromancy     | 5 |  5.2
Maces & Flails | |  0.4
Dodging        | |  2.5
Stealth        | |  3.1
Spellcasting   | |  2.2

Action                   || total
-------------------------++-------
Melee: Mace              ||    24
       Unarmed           ||     4
       Bite              ||     3
 Cast: Necrotise         ||    20
 Abil: Exsanguinate      ||     1
       Revivify          ||     1
 Stab: Sleeping          ||     1
Armor: Robe              ||    21
Dodge: Dodged            ||    34
